[Event "36th Balaton Open A 2018"]
[Site "Balatonlelle"]
[Date "2018.06.16"]
[Round "5"]
[White "Leszko, Bence"]
[Black "Kincs, Imre"]
[Result "1/2-1/2"]
[ECO "A06"]
[WhiteElo "2096"]
[BlackElo "2210"]
[Annotator "NA"]
[PlyCount "77"]
[EventDate "2018.06.12"]
[EventType "swiss"]
[EventCountry "HUN"]
[SourceTitle "playchess.com"]
[Source "ChessBase"]
[SourceQuality "1"]
[TimeControl "40/5400+30:1800+30"]

1. Nf3 d5 2. g3 Nf6 3. Bg2 Bg4 4. c4 e6 5. Nc3 c6 6. cxd5 exd5 7. d4 Nbd7 8. O-O Bd6 9. Qc2 O-O 10. Nh4 Re8 11. f3 Bh5 12. e4 dxe4 13. fxe4 Qb6 14. Nf5 Bf8 15. Na4 Qa6 16. Re1 Bg6 17. Bf4 b5 18. Nc5 Nxc5 19. dxc5 Bxf5 20. exf5 Rxe1+ 21. Rxe1 Qxa2 22. Rd1 Rc8 23. Bd6 Qa5 24. Bxf8 Kxf8 25. Qd3 Ne8 26. Qd7 Qc7 27. b4 h6 28. Bf3 Qxd7 29. Rxd7 Rc7 30. Rxc7 Nxc7 31. Bxc6 Ke7 32. Kf2 Na6 33. Bxb5 Nxb4 34. Ke3 Nd5+ 35. Kd4 Nc7 36. Bc4 Kf6 37. g4 Ke7 38. h3 f6 39. Bb3 1/2-1/2

[Event "36th Balaton Open A 2018"]
[Site "Balatonlelle"]
[Date "2018.06.16"]
[Round "5"]
[White "Ananya Rishi Gupta"]
[Black "Vukovic, Ivo"]
[Result "1/2-1/2"]
[ECO "C50"]
[WhiteElo "1968"]
[BlackElo "2031"]
[Annotator "NA"]
[PlyCount "37"]
[EventDate "2018.06.12"]
[EventType "swiss"]
[EventCountry "HUN"]
[SourceTitle "playchess.com"]
[Source "ChessBase"]
[SourceQuality "1"]
[TimeControl "40/5400+30:1800+30"]

1. e4 e5 2. Nf3 Nc6 3. Bc4 Be7 4. d4 d6 5. dxe5 dxe5 6. Qxd8+ Bxd8 7. Be3 Nf6 8. Nc3 a6 9. h3 Be7 10. Nd5 Bd6 11. Nxf6+ gxf6 12. O-O-O f5 13. exf5 Bxf5 14. a3 f6 15. Bh6 Bf8 16. Bxf8 Rxf8 17. Rhe1 Bd7 18. Bd5 O-O-O 19. Bxc6 1/2-1/2

[Event "36th Balaton Open A 2018"]
[Site "Balatonlelle"]
[Date "2018.06.17"]
[Round "6"]
[White "Sardy, Peter"]
[Black "Suta, Andraz"]
[Result "1/2-1/2"]
[ECO "C77"]
[WhiteElo "2340"]
[BlackElo "2239"]
[Annotator "NA"]
[PlyCount "74"]
[EventDate "2018.06.12"]
[EventType "swiss"]
[EventCountry "HUN"]
[SourceTitle "playchess.com"]
[Source "ChessBase"]
[SourceQuality "1"]
[TimeControl "40/5400+30:1800+30"]

1. e4 e5 2. Nf3 Nc6 3. Bb5 a6 4. Ba4 Nf6 5. Nc3 d6 6. O-O b5 7. Bb3 Be7 8. a4 b4 9. Nd5 O-O 10. d4 Rb8 11. dxe5 Nxe5 12. Nxe5 dxe5 13. Qe2 Nxd5 14. Bxd5 a5 15. Be3 Bb7 $16 16. Rad1 Qc8 17. b3 Bd6 18. Bxb7 Qxb7 19. Qc4 Ra8 20. Rd5 Ra6 21. Rfd1 Rc6 22. Qe2 Qa6 23. Qxa6 Rxa6 24. Kf1 f6 25. Ke2 Kf7 26. R1d3 Ke6 27. Rb5 Rfa8 28. Kd1 h5 29. h4 g6 30. f3 f5 31. Bc5 Rc6 32. Bxd6 Rxd6 33. Rxd6+ Kxd6 34. Rd5+ Ke6 35. Rc5 Kd6 36. Rd5+ Ke6 37. Rc5 Kd6 1/2-1/2

[Event "36th Balaton Open A 2018"]
[Site "Balatonlelle"]
[Date "2018.06.17"]
[Round "6"]
[White "Nagy, Daniel"]
[Black "Haszon, David"]
[Result "1-0"]
[ECO "D76"]
[WhiteElo "2312"]
[BlackElo "2246"]
[Annotator "NA"]
[PlyCount "116"]
[EventDate "2018.06.12"]
[EventType "swiss"]
[EventCountry "HUN"]
[SourceTitle "playchess.com"]
[Source "ChessBase"]
[SourceQuality "1"]
[TimeControl "40/5400+30:1800+30"]

1. d4 Nf6 2. Nf3 g6 3. c4 Bg7 4. g3 O-O 5. Bg2 d5 6. cxd5 Nxd5 7. O-O Nb6 8. Nc3 Nc6 9. e3 Be6 10. b3 Nd5 11. Na4 Bg4 12. h3 Bc8 13. Ba3 Nb6 14. Nc5 Re8 15. Rc1 Nd7 $16 16. Qc2 Nxc5 17. Bxc5 Nb8 18. Rfd1 c6 19. a4 Nd7 20. Ba3 Nf6 21. Ne5 Nd7 22. Nd3 Qa5 23. b4 Qf5 24. e4 Qg5 25. h4 Qg4 26. Bb2 Bh6 27. Ra1 Bg7 28. Nf4 Nf6 29. e5 Bf5 30. Qb3 Be4 31. exf6 exf6 32. Bh3 Qf3 33. Qxf3 Bxf3 34. Re1 g5 35. Nd3 gxh4 36. gxh4 a5 37. b5 cxb5 38. axb5 Bf8 39. Bg2 Be2 40. Bf1 Bf3 41. Nc5 Bd6 42. Bg2 Bxg2 43. Kxg2 Rxe1 44. Rxe1 a4 45. Ra1 b6 46. Rxa4 Rc8 47. Ne4 Be7 48. d5 f5 49. Nf6+ Kg7 50. Nd7+ Kg6 51. Ne5+ Kh5 52. Nc6 Rg8+ 53. Kf3 Bf8 54. Ra8 Kxh4 55. d6 Bxd6 56. Rxg8 h5 57. Bf6+ Kh3 58. Rh8 h4 1-0

[Event "36th Balaton Open A 2018"]
[Site "Balatonlelle"]
[Date "2018.06.17"]
[Round "6"]
[White "Kincs, Imre"]
[Black "Gunyecz, Zoltan Dr"]
[Result "1-0"]
[ECO "D94"]
[WhiteElo "2210"]
[BlackElo "1987"]
[Annotator "NA"]
[PlyCount "47"]
[EventDate "2018.06.12"]
[EventType "swiss"]
[EventCountry "HUN"]
[SourceTitle "playchess.com"]
[Source "ChessBase"]
[SourceQuality "1"]
[TimeControl "40/5400+30:1800+30"]

1. d4 Nf6 2. Nf3 g6 3. c4 Bg7 4. Nc3 d5 5. e3 O-O 6. h4 c5 7. h5 cxd4 8. exd4 Nc6 9. hxg6 fxg6 10. Be3 e6 11. Qd2 $14 Ng4 12. O-O-O a6 13. Bg5 Qa5 14. Rh4 e5 15. dxe5 Ncxe5 16. Qxd5+ Qxd5 17. Nxd5 Be6 18. Ne7+ Kf7 19. Rxh7 Nxf3 20. gxf3 Nf6 21. Bxf6 Kxf6 22. Nd5+ Kf7 23. Nc7 Rh8 24. Rxg7+ 1-0

[Event "36th Balaton Open A 2018"]
[Site "Balatonlelle"]
[Date "2018.06.17"]
[Round "6"]
[White "Forgacs, Jozsef"]
[Black "Boguszlavszkij, Jevgenyij"]
[Result "1-0"]
[ECO "D37"]
[WhiteElo "2199"]
[BlackElo "2170"]
[Annotator "NA"]
[PlyCount "65"]
[EventDate "2018.06.12"]
[EventType "swiss"]
[EventCountry "HUN"]
[SourceTitle "playchess.com"]
[Source "ChessBase"]
[SourceQuality "1"]
[TimeControl "40/5400+30:1800+30"]

1. d4 Nf6 2. c4 e6 3. Nf3 d5 4. Nc3 Nbd7 5. cxd5 exd5 6. Bg5 Be7 7. e3 Nf8 8. Qc2 c6 9. Bd3 Ng6 10. O-O O-O 11. Bxf6 Bxf6 12. b4 a6 13. a4 Bd7 14. b5 Qe7 15. Rfb1 Rfc8 16. bxa6 bxa6 17. a5 Qd6 18. Na4 Re8 $18 19. Nb6 Ra7 20. Rc1 Ne7 21. Qc5 Qxc5 22. Rxc5 Be6 23. Nd2 Rd8 24. Nb3 Rb8 25. Rcc1 Nc8 26. Rxc6 Bd8 27. Nxc8 Rxc8 28. Rxa6 Rxa6 29. Bxa6 Rb8 30. Nc5 Bf5 31. Bb7 Bc8 32. a6 Bxb7 33. axb7 1-0

[Event "36th Balaton Open A 2018"]
[Site "Balatonlelle"]
[Date "2018.06.17"]
[Round "6"]
[White "Atkins, Rita"]
[Black "Radics, Laszlo Dr"]
[Result "1-0"]
[ECO "A80"]
[WhiteElo "2071"]
[BlackElo "1909"]
[Annotator "NA"]
[PlyCount "53"]
[EventDate "2018.06.12"]
[EventType "swiss"]
[EventCountry "HUN"]
[SourceTitle "playchess.com"]
[Source "ChessBase"]
[SourceQuality "1"]
[TimeControl "40/5400+30:1800+30"]

1. d4 f5 2. Bg5 h6 3. Bh4 g5 4. e4 Bg7 5. Bg3 fxe4 6. Qh5+ Kf8 7. Nc3 Nf6 8. Qg6 d5 9. f3 Be6 10. fxe4 $17 dxe4 11. Be5 Qd7 12. Bxf6 exf6 13. Qxe4 c6 14. O-O-O Bd5 15. Qd3 Na6 16. Nxd5 cxd5 17. Qa3+ Kf7 18. Bd3 Nc7 19. Nf3 Bf8 20. Qb3 b5 21. Rhf1 Kg7 22. Nh4 Rg8 23. Nf5+ Kh8 24. Nxh6 Bxh6 25. Rxf6 Kg7 26. Rg6+ Kh7 27. Rd6+ {Qg7 Rf6+} 1-0

[Event "36th Balaton Open A 2018"]
[Site "Balatonlelle"]
[Date "2018.06.17"]
[Round "6"]
[White "Metaxasz, Vaszilisz"]
[Black "Terbe, Julianna"]
[Result "0-1"]
[ECO "A46"]
[WhiteElo "2047"]
[BlackElo "2242"]
[Annotator "NA"]
[PlyCount "47"]
[EventDate "2018.06.12"]
[EventType "swiss"]
[EventCountry "HUN"]
[SourceTitle "playchess.com"]
[Source "ChessBase"]
[SourceQuality "1"]
[TimeControl "40/5400+30:1800+30"]

1. d4 Nf6 2. Nf3 d5 3. g3 c6 4. Bg2 Bf5 5. O-O e6 6. b3 h6 7. Bb2 Be7 8. c4 O-O 9. Nc3 Nbd7 10. cxd5 exd5 11. Ne5 Re8 12. Qd2 Bb4 13. Qf4 Bh7 14. a3 Ba5 15. Nxd7 Qxd7 16. b4 Bc7 17. Qh4 (17. Qd2 $15) 17... Ne4 (17... a5 $19 18. bxa5 Bxa5) 18. Nxe4 dxe4 $15 19. Rad1 Bf5 20. f3 Bd8 21. Qh5 Bg5 22. g4 exf3 23. exf3 Bc2 24. f4 0-1

[Event "36th Balaton Open A 2018"]
[Site "Balatonlelle"]
[Date "2018.06.17"]
[Round "6"]
[White "Trajber, Daniel"]
[Black "Leszko, Bence"]
[Result "1-0"]
[ECO "A40"]
[WhiteElo "2022"]
[BlackElo "2096"]
[Annotator "NA"]
[PlyCount "98"]
[EventDate "2018.06.12"]
[EventType "swiss"]
[EventCountry "HUN"]
[SourceTitle "playchess.com"]
[Source "ChessBase"]
[SourceQuality "1"]
[TimeControl "40/5400+30:1800+30"]

1. d4 e6 2. Nf3 b6 3. Bf4 Bb7 4. e3 f5 5. Bd3 Nf6 6. h3 Be7 7. Nbd2 Ne4 8. O-O O-O 9. c3 d6 10. Qc2 Nxd2 11. Nxd2 Bf6 12. Bh2 g6 13. e4 Bg7 14. Qb3 d5 15. exf5 exf5 16. Rfe1 Nd7 17. Qa3 $14 ({Better is} 17. Nf3 $16) 17... Rf7 18. Ba6 Bc6 19. Re6 Rf6 20. Rxc6 Rxc6 21. Bb7 Rf6 22. Bxd5+ Kh8 23. Bxa8 Qxa8 24. Bxc7 Re6 25. Nf3 h6 26. Qa4 Qe8 27. Kf1 Qc8 28. Bh2 b5 29. Qxb5 Rb6 30. Qe2 Nf6 31. Ne5 Kh7 32. Re1 Ne4 33. f3 Nf6 34. c4 Nh5 35. g4 fxg4 36. hxg4 Nf6 37. b3 h5 38. Qd3 Ng8 39. Kg2 hxg4 40. Nxg4 Qa6 41. Re2 Qb7 42. c5 Rb4 43. Ne5 Ne7 44. c6 Qb6 45. Nxg6 Rxd4 46. Qc2 Nxg6 47. Re6 Kh8 48. Qxg6 Rd2+ 49. Kh3 Rd8 1-0

[Event "36th Balaton Open A 2018"]
[Site "Balatonlelle"]
[Date "2018.06.17"]
[Round "6"]
[White "Tancsa, Tamas"]
[Black "Ronce, Nathan"]
[Result "1/2-1/2"]
[ECO "B01"]
[WhiteElo "1965"]
[BlackElo "2210"]
[Annotator "NA"]
[PlyCount "43"]
[EventDate "2018.06.12"]
[EventType "swiss"]
[EventCountry "HUN"]
[SourceTitle "playchess.com"]
[Source "ChessBase"]
[SourceQuality "1"]
[TimeControl "40/5400+30:1800+30"]

1. e4 d5 2. exd5 Nf6 3. Nf3 Bg4 4. c4 c6 5. dxc6 Nxc6 6. Be2 e5 7. d3 Bb4+ 8. Bd2 Bc5 9. Bg5 e4 10. dxe4 Qxd1+ 11. Bxd1 Bxf2+ 12. Kxf2 Nxe4+ 13. Ke3 Bxf3 14. Bxf3 Nxg5 15. Bxc6+ bxc6 $11 16. h4 Ne6 17. Nc3 O-O-O 18. Rad1 Rhe8 19. Rxd8+ Kxd8 20. b4 f5 21. g3 Kc7 22. Rd1 1/2-1/2

[Event "36th Balaton Open A 2018"]
[Site "Balatonlelle"]
[Date "2018.06.17"]
[Round "6"]
[White "Schmuck, Corentin"]
[Black "Gaal, Ede"]
[Result "1-0"]
[ECO "B23"]
[WhiteElo "1925"]
[BlackElo "2141"]
[Annotator "NA"]
[PlyCount "79"]
[EventDate "2018.06.12"]
[EventType "swiss"]
[EventCountry "HUN"]
[SourceTitle "playchess.com"]
[Source "ChessBase"]
[SourceQuality "1"]
[TimeControl "40/5400+30:1800+30"]

1. e4 c5 2. Nc3 e6 3. g3 Nc6 4. Bg2 g6 5. Nge2 Bg7 6. O-O d6 7. d3 a6 8. a4 Nge7 9. Be3 Bd7 10. Qd2 h5 11. h4 Nd4 12. f4 Qc7 13. f5 gxf5 14. exf5 Nexf5 15. Bg5 Be5 16. Nxd4 Bxd4+ 17. Kh2 Bc6 18. Rxf5 exf5 19. Re1+ Be5 20. Nd5 Bxd5 21. Bxd5 Kd7 22. Qf2 f4 23. gxf4 Bd4 24. Re7+ Kc8 25. Rxc7+ Kxc7 26. Qf3 f6 27. c3 fxg5 28. cxd4 g4 29. Qh1 Rae8 30. Bxb7 Re2+ 31. Kg3 Rhe8 32. Qc6+ Kb8 33. f5 R8e3+ 34. Kf4 Rxd3 35. a5 Rxd4+ 36. Kg5 Re8 37. Qxe8+ Kxb7 38. Qd7+ Kb8 39. f6 Rd5+ 40. Kh6 1-0

[Event "36th Balaton Open A 2018"]
[Site "Balatonlelle"]
[Date "2018.06.17"]
[Round "6"]
[White "Farkas, Otto Jr"]
[Black "Ananya Rishi Gupta"]
[Result "0-1"]
[ECO "C83"]
[WhiteElo "1744"]
[BlackElo "1968"]
[Annotator "NA"]
[PlyCount "46"]
[EventDate "2018.06.12"]
[EventType "swiss"]
[EventCountry "HUN"]
[SourceTitle "playchess.com"]
[Source "ChessBase"]
[SourceQuality "1"]
[TimeControl "40/5400+30:1800+30"]

1. e4 e5 2. Nf3 Nc6 3. Bb5 a6 4. Ba4 Nf6 5. O-O Nxe4 6. d4 b5 7. Bb3 d5 8. dxe5 Be6 9. c3 Be7 10. Nd4 Nxe5 11. f4 Nc4 12. Bxc4 bxc4 $17 13. Nxe6 fxe6 14. Qh5+ g6 15. Qe5 Kd7 16. Rd1 Bc5+ 17. Kf1 Qh4 18. Rxd5+ exd5 19. Qxd5+ Bd6 20. g3 Qxh2 21. Qxe4 Rae8 22. Qf3 Qh3+ 23. Kf2 Bc5+ 0-1

[Event "36th Balaton Open A 2018"]
[Site "Balatonlelle"]
[Date "2018.06.18"]
[Round "7"]
[White "Nagy, Daniel"]
[Black "Sardy, Peter"]
[Result "1-0"]
[ECO "E64"]
[WhiteElo "2312"]
[BlackElo "2340"]
[Annotator "NA"]
[PlyCount "49"]
[EventDate "2018.06.12"]
[EventType "swiss"]
[EventCountry "HUN"]
[SourceTitle "playchess.com"]
[Source "ChessBase"]
[SourceQuality "1"]
[TimeControl "40/5400+30:1800+30"]

1. d4 d6 2. c4 g6 3. Nf3 Bg7 4. g3 Nf6 5. Bg2 O-O 6. Nc3 c5 7. d5 a6 8. Qd3 ({White should play} 8. O-O $14) 8... Bg4 (8... b5 $11) 9. h3 Bxf3 10. exf3 Nfd7 11. O-O Qc7 $16 12. Re1 Re8 13. f4 b5 14. cxb5 c4 15. Qe2 Bxc3 16. bxc3 axb5 17. Be3 Nc5 18. h4 Nbd7 19. h5 Ra3 20. hxg6 hxg6 21. Bd4 Qa5 22. Qg4 Nf8 23. Qh4 f6 24. Bxf6 Kf7 25. Bh8 1-0

[Event "36th Balaton Open A 2018"]
[Site "Balatonlelle"]
[Date "2018.06.18"]
[Round "7"]
[White "Haszon, David"]
[Black "Schmuck, Corentin"]
[Result "1-0"]
[ECO "C04"]
[WhiteElo "2246"]
[BlackElo "1925"]
[Annotator "NA"]
[PlyCount "149"]
[EventDate "2018.06.12"]
[EventType "swiss"]
[EventCountry "HUN"]
[SourceTitle "playchess.com"]
[Source "ChessBase"]
[SourceQuality "1"]
[TimeControl "40/5400+30:1800+30"]

1. e4 e6 2. d4 d5 3. Nd2 Nc6 4. Ngf3 Nf6 5. e5 Nd7 {[%emt 0:00:18] Bd} 6. Bd3 Nb4 7. Be2 c5 8. c3 Nc6 9. O-O Be7 {[%emt 0:04:13] C04: French Tarrasch: 3...Nc6} (9... a5 10. a4 Be7 11. Nb1 O-O 12. Na3 cxd4 13. cxd4 f6 14. exf6 Nxf6 15. Nb5 Bd7 16. Re1 Ne4 17. Bd3 {1-0 (25) Nisipeanu,L (2687)-Richter,M (2505) Germany 2016}) 10. Re1 O-O 11. Nf1 cxd4 12. cxd4 f6 13. exf6 Nxf6 14. a3 Bd6 15. Bd3 Qc7 16. Bg5 $146 ({Predecessor:} 16. Be3 e5 17. dxe5 Nxe5 18. Nxe5 Bxe5 19. Rc1 Qf7 20. Bc5 Re8 21. Bb5 {½-½ (36) Kummerow,H (2337)-Messarius,J (2234) Herne 2012}) 16... e5 17. dxe5 Nxe5 18. Rc1 Nc6 19. Bb1 Bf4 20. Bxf6 Bxc1 21. Qxd5+ Kh8 22. Bc3 Bh6 23. Ng3 Ne7 24. Qh5 Ng8 25. Ne5 Nf6 26. Qh4 Be6 27. Ne4 Nxe4 28. Rxe4 Kg8 29. Ng4 Bxg4 30. Qxh6 $2 ({Schwächer ist} 30. Qxg4 Qf7 $14) (30. Rxg4 $18 Rfd8 31. g3 Rd1+ 32. Kg2 Rxb1 33. Qxh6 Qc6+ 34. Qxc6 bxc6 35. Rxg7+ Kf8 36. Rxh7) 30... Qxc3 31. bxc3 gxh6 32. Rxg4+ Kh8 33. Be4 Rac8 34. Rg3 b6 35. h3 Rc7 36. Bd5 Rc5 37. c4 b5 38. Rg4 h5 39. Rd4 Rd8 40. Re4 bxc4 41. Bxc4 Rd7 42. a4 Kg7 43. Bb5 Rdc7 44. g3 Rf5 45. Re2 $17 h4 46. Kg2 hxg3 47. fxg3 Rfc5 48. Kf3 Rf7+ 49. Kg4 Rc3 50. Kh4 Rff3 51. Re7+ Rf7 52. Re4 Rf6 53. Be2 Rh6+ 54. Bh5 Rc7 55. g4 Rd6 56. Re5 Rd3 57. Rg5+ Kf6 58. Ra5 h6 59. Ra6+ Kg7 60. Bg6 Ra3 61. Bf5 Re3 62. Rg6+ Kf8 63. Rxh6 Rg7 64. Rf6+ Ke7 65. Ra6 Kf8 66. g5 Re1 67. Kh5 Rf1 68. Ra5 Rg1 69. h4 Rg3 70. Rb5 Ra3 71. Rb8+ Ke7 72. Kh6 Rf7 73. Kg6 Rxf5 74. Kxf5 Rxa4 75. h5 1-0

[Event "36th Balaton Open A 2018"]
[Site "Balatonlelle"]
[Date "2018.06.18"]
[Round "7"]
[White "Terbe, Julianna"]
[Black "Forgacs, Jozsef"]
[Result "0-1"]
[ECO "A06"]
[WhiteElo "2242"]
[BlackElo "2199"]
[Annotator "NA"]
[PlyCount "67"]
[EventDate "2018.06.12"]
[EventType "swiss"]
[EventCountry "HUN"]
[SourceTitle "playchess.com"]
[Source "ChessBase"]
[SourceQuality "1"]
[TimeControl "40/5400+30:1800+30"]

1. Nf3 d5 2. g3 c6 3. Bg2 Bg4 4. O-O Nd7 5. d3 e5 6. c4 dxc4 7. dxc4 Qc7 8. Nc3 Ngf6 9. h3 Bh5 10. Nh4 {[%emt 0:02:48] LiveBook: 5 Games} Bg6 11. Be3 Bc5 $14 12. Qc1 Be7 13. Nxg6 hxg6 14. a3 Nc5 15. Qc2 Ne6 16. Rfd1 Nd7 17. b4 f5 18. Rac1 Ng5 19. h4 Nf7 20. Bd2 Nf6 21. Qa4 O-O 22. c5 a6 23. Qb3 Rae8 24. Be1 Kh8 25. Na4 Bd8 26. Nb6 Qe7 27. Nc4 Bc7 28. a4 f4 29. Kh1 e4 30. b5 axb5 31. axb5 e3 32. bxc6 Ng4 33. Bf3 exf2 34. Rd7 0-1

[Event "36th Balaton Open A 2018"]
[Site "Balatonlelle"]
[Date "2018.06.18"]
[Round "7"]
[White "Suta, Andraz"]
[Black "Trajber, Daniel"]
[Result "1-0"]
[ECO "B87"]
[WhiteElo "2239"]
[BlackElo "2022"]
[Annotator "NA"]
[PlyCount "93"]
[EventDate "2018.06.12"]
[EventType "swiss"]
[EventCountry "HUN"]
[SourceTitle "playchess.com"]
[Source "ChessBase"]
[SourceQuality "1"]
[TimeControl "40/5400+30:1800+30"]

1. e4 c5 2. Nf3 d6 3. d4 cxd4 4. Nxd4 Nf6 5. Nc3 a6 6. Bc4 e6 7. Bb3 b5 8. O-O Be7 9. a3 O-O 10. Qd3 {[%emt 0:00:29] B87: Sicilian Scheveningen/Najdorf: 6 Bc4, with early ...b5} (10. f4 Bb7 11. f5 e5 12. Nde2 Nbd7 13. Ng3 h6 14. Kh1 Rc8 15. Be3 Re8 16. Qf3 Bf8 17. Rad1 Qa5 18. Bd2 Qc7 19. Bc1 Bc6 20. Nh5 a5 21. Nxf6+ Nxf6 {1-0 (30) Anwuli,D (2365)-Arun Prasad,S (2509) Dubai 2016}) 10... Bd7 $146 ({Predecessor:} 10... Qb6 11. Rd1 Nbd7 12. Qg3 Ne5 13. Be3 Qb7 14. f3 Rb8 15. a4 Nc4 16. Bxc4 bxc4 17. Rab1 Bd7 18. Bh6 Ne8 {0-1 (18) Denzin,M (2009)-Sherwood,H (2331) ICCF email 2017}) 11. f4 Nc6 12. Kh1 Qc7 13. Nxc6 Bxc6 14. f5 e5 15. Bg5 h6 16. Bxf6 Bxf6 17. Bd5 Rac8 18. Bxc6 Qxc6 19. Rf2 Qc5 20. Re2 Qd4 21. Qg3 Kh7 22. Rb1 Bd8 23. Nd5 Qc4 24. Rbe1 Qd4 25. c3 Qa7 26. Re3 Bg5 27. Rf3 Rc4 28. Qg4 Qb7 29. Rd3 g6 30. b3 Rc6 31. Rh3 Kg7 32. Rf1 f6 33. fxg6 Qc8 34. Qh5 Qe8 35. Rf5 Rh8 36. Rhf3 Qe6 37. Qg4 h5 38. Qg3 Rh6 39. Rxg5 fxg5 40. Rf7+ Kxg6 $18 41. Rf5 g4 42. Qe3 Kg7 43. Qa7+ Kg6 44. Ne7+ Kg7 45. Nxc6+ Kg6 46. Ne7+ Kg7 47. Nd5+ 1-0

[Event "36th Balaton Open A 2018"]
[Site "Balatonlelle"]
[Date "2018.06.18"]
[Round "7"]
[White "Ronce, Nathan"]
[Black "Metaxasz, Vaszilisz"]
[Result "1-0"]
[ECO "B26"]
[WhiteElo "2210"]
[BlackElo "2047"]
[Annotator "NA"]
[PlyCount "83"]
[EventDate "2018.06.12"]
[EventType "swiss"]
[EventCountry "HUN"]
[SourceTitle "playchess.com"]
[Source "ChessBase"]
[SourceQuality "1"]
[TimeControl "40/5400+30:1800+30"]

1. e4 d6 2. Nc3 g6 3. g3 Bg7 4. Bg2 c5 5. d3 Nc6 6. Be3 Bd7 7. Qd2 Rb8 {[%emt 0:00:26] LiveBook: 3 Games} 8. Nge2 {[%emt 0:01:22] B26: Closed Sicilian: 3 g3, lines with early Be3} b5 9. O-O h5 $146 ({Predecessor:} 9... b4 10. Nd1 Qc8 11. f4 Nh6 12. Kh1 f5 13. e5 dxe5 14. Bxc5 a5 15. c3 Ng4 {1-0 (40) Schwarz,D (2216)-Mezentsev,V (2497) Reno 2006}) 10. f3 Nf6 11. h3 b4 12. Nd1 a5 13. f4 Qc8 14. Kh2 e5 15. fxe5 Nxe5 16. Bg5 Nh7 17. Bh6 O-O 18. Bxg7 Kxg7 19. Ne3 Be6 20. Nf4 Qd7 21. Rf2 Qe7 22. Nfd5 Qg5 23. Rf4 Qh6 24. Raf1 Ng5 25. h4 Nh7 26. Bh3 Rbe8 27. c3 g5 28. R4f2 Ng4+ 29. Bxg4 hxg4 30. Nf5+ Bxf5 31. Rxf5 Re6 32. Nc7 Re7 33. Nb5 Re6 34. Kg2 gxh4 35. Qxh6+ Rxh6 36. gxh4 bxc3 37. bxc3 Rxh4 38. Nxd6 Rh3 39. Rd5 Nf6 (39... Rb8 $16 {was necessary.}) 40. Rg5+ ({Weaker is} 40. Rxc5 Rxd3 41. e5 Nh5 $11) 40... Kh6 41. Rgf5 $18 Kg6 42. Rxf6+ 1-0

[Event "36th Balaton Open A 2018"]
[Site "Balatonlelle"]
[Date "2018.06.18"]
[Round "7"]
[White "Boguszlavszkij, Jevgenyij"]
[Black "Chandratreya Prachiti"]
[Result "0-1"]
[ECO "A00"]
[WhiteElo "2170"]
[BlackElo "1729"]
[Annotator "NA"]
[PlyCount "102"]
[EventDate "2018.06.12"]
[EventType "swiss"]
[EventCountry "HUN"]
[SourceTitle "playchess.com"]
[Source "ChessBase"]
[SourceQuality "1"]
[TimeControl "40/5400+30:1800+30"]

1. g3 Nf6 2. Bg2 g6 3. e4 d6 4. Ne2 Bg7 5. O-O O-O 6. d4 e5 7. c3 Nc6 {[%emt 0:01:04] LiveBook: 20 Games} 8. d5 {[%emt 0:00:55] B06: Modern Defence} (8. Re1 Re8 9. d5 Ne7 10. a4 Nd7 11. Na3 f5 12. Nc4 Nf6 13. exf5 Nxf5 14. Bg5 Bh6 15. Bxh6 Nxh6 {½-½ (42) Efimov,I (2408)-McNab,C (2441) Tromsoe 2014}) 8... Ne7 9. h3 Ne8 10. c4 $146 ({Predecessor:} 10. Be3 f5 11. f3 Nf6 12. Nd2 Bd7 13. a4 a6 14. b4 Qc8 15. Kh2 Nh5 {0-1 (49) Gocza,B (1773)-Kassai,Z (2107) Hungary 2003}) 10... f5 11. Nbc3 Nf6 12. Bd2 fxe4 13. Kh2 Bf5 14. Bg5 h6 15. Bxf6 Bxf6 16. Nxe4 Bg7 17. N2c3 b6 18. b4 a5 19. a3 axb4 20. axb4 Kh8 21. Qd2 Rxa1 22. Rxa1 g5 23. Ra7 Nc8 24. Ra8 Qd7 25. Qe2 Ne7 26. Ra7 Nc8 27. Ra6 Ne7 28. Nb5 Nc8 29. Ra2 Qd8 30. Ra8 Qd7 31. g4 Bh7 32. Ra2 Qd8 33. Ng3 e4 34. Bxe4 Be5 35. Bxh7 Kxh7 36. Kg2 Bxg3 37. Kxg3 Qd7 38. Qe4+ $18 Kg7 39. Nd4 Rh8 40. Ne6+ Kf7 41. Qf5+ Ke8 42. Qg6+ Qf7 43. Nxc7+ Kf8 44. Ne6+ Ke7 45. Qxf7+ Kxf7 46. Ra8 Ke7 47. Rb8 Kd7 48. h4 gxh4+ 49. Kxh4 Rg8 50. f4 Rg6 51. Nf8+ Ke8 0-1

[Event "36th Balaton Open A 2018"]
[Site "Balatonlelle"]
[Date "2018.06.18"]
[Round "7"]
[White "Gaal, Ede"]
[Black "Radics, Laszlo Dr"]
[Result "1-0"]
[ECO "C65"]
[WhiteElo "2141"]
[BlackElo "1909"]
[Annotator "NA"]
[PlyCount "81"]
[EventDate "2018.06.12"]
[EventType "swiss"]
[EventCountry "HUN"]
[SourceTitle "playchess.com"]
[Source "ChessBase"]
[SourceQuality "1"]
[TimeControl "40/5400+30:1800+30"]

1. e4 e5 2. Nf3 Nc6 3. Bb5 Bc5 4. O-O Nf6 5. d3 d6 6. h3 a6 7. Bxc6+ bxc6 8. Bg5 h6 9. Be3 Bb6 10. Nbd2 Bxe3 11. fxe3 c5 12. Rf2 O-O 13. Nf1 Nh7 14. Ng3 $11 f5 15. exf5 Bxf5 16. Qe2 Bd7 17. Raf1 Ng5 18. Nxg5 Qxg5 19. Rxf8+ Rxf8 20. Rxf8+ Kxf8 21. Qf3+ Ke7 22. Kf2 Qf6 23. e4 g6 24. Qxf6+ Kxf6 25. Nf1 Be6 26. Ne3 Bxa2 27. b3 c6 28. Ke2 Ke6 29. Kd2 a5 30. Kc3 a4 31. Kb2 axb3 32. cxb3 Bxb3 33. Kxb3 d5 34. g4 Kf6 35. h4 Ke6 36. Ka4 Kd6 37. h5 gxh5 38. gxh5 c4 39. dxc4 d4 40. Nf5+ Kc5 41. Kb3 1-0

[Event "36th Balaton Open A 2018"]
[Site "Balatonlelle"]
[Date "2018.06.18"]
[Round "7"]
[White "Leszko, Bence"]
[Black "Bernath, Bence"]
[Result "0-1"]
[ECO "A05"]
[WhiteElo "2096"]
[BlackElo "1758"]
[Annotator "NA"]
[PlyCount "86"]
[EventDate "2018.06.12"]
[EventType "swiss"]
[EventCountry "HUN"]
[SourceTitle "playchess.com"]
[Source "ChessBase"]
[SourceQuality "1"]
[TimeControl "40/5400+30:1800+30"]

1. Nf3 Nf6 2. g3 g6 3. Bg2 Bg7 4. O-O O-O 5. d4 d6 6. Re1 Nbd7 7. e4 e5 8. c3 Re8 9. Qc2 Nf8 10. Nbd2 h5 11. dxe5 dxe5 12. Nc4 N6d7 13. Rd1 Nh7 14. a4 Qe7 15. b3 Nb6 16. Ba3 $14 Qf6 17. Ncd2 Be6 18. a5 Nd7 19. c4 g5 20. h4 Bg4 21. Re1 Bh6 22. hxg5 Nxg5 23. Nxg5 Bxg5 24. Nf1 Kg7 25. Nh2 Be6 26. Nf3 Bg4 27. Nxg5 Qxg5 28. Bc1 Qg6 29. f3 Be6 30. Kf2 f5 31. exf5 Bxf5 32. Qc3 Kg8 33. b4 Re7 34. f4 Rae8 35. Bd5+ Kh7 36. Bb2 Nf6 37. Bf3 Ne4+ 38. Bxe4 Bxe4 39. Rad1 exf4 40. g4 Qxg4 41. Rg1 Bg2 42. Qd3+ Kh6 43. Rd2 Re2+ {[%emt 0:00:11] Bc1} 0-1